 Dungeon Crawl Stone Soup version 0.31-a0-819-gf6de2f5ab6 (webtiles) character file.

Game seed: 18295258832249749841

25 qw the Shooter (level 3, 0/21 HPs)
             Began as a Gargoyle Hunter on Sept 23, 2023.
             Frozen to death by an endoplasm (5 damage)
             ... on level 2 of the Dungeon.
             The game lasted 00:00:18 (581 turns).

qw the Shooter (Gargoyle Hunter)                     Turns: 581, Time: 00:00:19

Health: 0/21       AC:  8    Str: 14    XL:     3   Next: 6%
Magic:  3/3        EV: 10    Int:  9    God:
Gold:   106        SH:  0    Dex: 15    Spells: 2/2 levels left

rFire   . . .        Y - +0 shortbow
rCold   . . .        (shield currently unavailable)
rNeg    + . .        g - +0 ring mail
rPois   inf          (no helmet)
rElec   +            (no cloak)
rCorr   .            (no gloves)
SInv    .            (no boots)
Will    .....        (no amulet)
Stlth   +            (no ring)
HPRegen 0.23/turn    (no ring)
MPRegen 0.08/turn

%: no passive effects
@: no status effects
A: sickness immunity, AC +3, negative energy resistance 1, electricity
resistance, torment resistance 1, petrification resistance
a: no special abilities


You were on level 2 of the Dungeon.
You visited 1 branch of the dungeon, and saw 2 of its levels.

You collected 106 gold pieces.


Innate Abilities, Weirdness & Mutations

You are immune to sickness and miasma.
Your stone body is resilient. (AC +3)
You are immune to poison.
You resist negative energy. (rN+)
You are resistant to electric shocks. (rElec)
You are resistant to unholy torment.
You are immune to petrification.


   Skills:
 - Level 2.1 Fighting
 - Level 4.9 Ranged Weapons
 + Level 0.3 Armour
 - Level 1.5 Dodging
 - Level 1.1 Stealth


You had 2 spell levels left.
You didn't know any spells.
Your spell library was empty.

Inventory:

Hand Weapons
 Y - a +0 shortbow (weapon)
Armour
 g - a +0 ring mail (worn)
Scrolls
 a - a scroll of revelation {unknown}
Potions
 d - a potion of curing

Dungeon Overview and Level Annotations

Branches:
Dungeon (2/15)

Altars:


Message History

You shoot an arrow. The arrow hits the worm.
The worm is lightly wounded.
You shoot an arrow. The arrow hits the worm!
The worm is heavily wounded.
The hobgoblin hits you. The worm bites you but does no damage.
You shoot an arrow. The arrow hits the worm.
The worm is heavily wounded.
The endoplasm misses you.
The hobgoblin hits you but does no damage.
The worm bites you but does no damage. The endoplasm freezes you.
You are frozen.
The hobgoblin barely misses you.
You shoot an arrow. The arrow hits the worm.
The worm is heavily wounded.
The hobgoblin closely misses you. The endoplasm closely misses you.
The worm bites you but does no damage.
You shoot an arrow. The arrow hits the worm.
The worm is severely wounded.
The endoplasm hits you but does no damage.
The hobgoblin barely misses you. The worm barely misses you.
You shoot an arrow. The arrow barely misses the worm.
The endoplasm hits you but does no damage.
The hobgoblin hits you but does no damage.
You shoot an arrow. The arrow hits the worm.
The worm is severely wounded.
The endoplasm freezes you.
You are frozen.
The hobgoblin barely misses you. The worm bites you. The endoplasm freezes you.
You are frozen.
The hobgoblin hits you but does no damage.
You shoot an arrow. The arrow barely misses the worm.
The worm bites you but does no damage.
The hobgoblin hits you but does no damage.
The endoplasm freezes you.
You are frozen.
You shoot an arrow. The arrow hits the worm.
The worm is almost dead.
The endoplasm freezes you.
You are frozen.
You die...

### ... .....
####.## .....
#...... # .#...# +
..... # # ...# .#
#.##..##..#
#...Jgw...# #@# #
#+# #.###.##.# #.#
#........# #.#
#####.####
##.##########.#
##....... ..##.#
#.....### #.##.#
####......# #.##.#
......###.###.##.#


You could see a worm, an endoplasm and a hobgoblin.

Vanquished Creatures
  2 ball pythons (D:1)
  5 endoplasms (D:1)
  A giant cockroach (D:1)
  3 goblins (D:1)
  3 hobgoblins (D:1)
  4 bats
  A kobold (D:1)
  3 rats
22 creatures vanquished.

Notes
Turn   | Place    | Note
-------+----------+-------------------------------------------
     0 | D:1      | qw the Gargoyle Hunter began the quest for the Orb.
     0 | D:1      | Reached XP level 1. HP: 12/12 MP: 1/1
     0 | D:1      | 0 ||| qw: Version: 0.3-a-83-gcd0e7d8
     0 | D:1      | 0 ||| qw: Game counter: 1551
     0 | D:1      | 0 ||| qw: Melee chars always use a shield: true
     0 | D:1      | 0 ||| qw: God list: Okawaru
     0 | D:1      | 0 ||| qw: Allow faded altars: false
     0 | D:1      | 0 ||| qw: Do Orc after clearing Dungeon:15 true
     0 | D:1      | 0 ||| qw: Do second Lair branch before Depths: true
     0 | D:1      | 0 ||| qw: Lair rune preference: random
     0 | D:1      | 0 ||| qw: Goals: Normal
     0 | D:1      | 0 ||| PLANNING D:1-11
   101 | D:1      | Reached XP level 2. HP: 17/17 MP: 2/2
   298 | D:1      | Found a faded altar of an unknown god.
   320 | D:1      | Reached XP level 3. HP: 21/21 MP: 3/3
   421 | D:1      | 421 ||| UPGRADING to +0 ring mail.
   431 | D:1      | 431 ||| DROPPING +0 leather armour.
   432 | D:1      | 432 ||| READING scroll labelled BOGODGH XUFOHU.
   433 | D:1      | 433 ||| READING 2 scrolls labelled POFI WAIMUYG.
   434 | D:1      | 434 ||| READING scroll labelled UWAYN GETHRESU.
   450 | D:1      | 450 ||| DRINKING 2 pink potions.
   451 | D:1      | 451 ||| DROPPING scroll of butterflies.
   452 | D:1      | 452 ||| DROPPING scroll of blinking.
   580 | D:2      | HP: 5/21 [frozen (5)]
   581 | D:2      | Frozen to death by an endoplasm

Levels and vault maps discovered:
D:1:      dpeg_arrival_radiant, layout_rooms,
          shapermc_ecumenical_altar_starsandcircs
D:2:      layout_loops_corners, basic_altar

Action                     || total
---------------------------++-------
   Fire: Shortbow          ||    74
    Use: Scroll            ||     3
         Potion            ||     1
 Armour: Leather armour    ||     4
         Ring mail         ||    15
  Dodge: Dodged            ||    19

Table legend:
 A = Non-vault XP
 B = Vault XP
 C = Vault XP percentage of total XP
 D = Non-vault monster count
 E = Vault monster count
 F = Vault count percentage of total count
                 A         B        C        D         E       F
            +---------+---------+-------+---------+---------+-------
      Total |      37 |       0 |   0.0 |      22 |       0 |   0.0
            +---------+---------+-------+---------+---------+-------
        D:1 |      34 |       0 |   0.0 |      20 |       0 |   0.0
        D:2 |       3 |       0 |   0.0 |       2 |       0 |   0.0
            +---------+---------+-------+---------+---------+-------
